 Dungeon Crawl Stone Soup version 0.25-a0-589-g1e14c549ee (webtiles) character file.

Game seed: 6867084658378287522, levelgen mode: deterministic

26968 Eurus the Destroyer (level 13, -13/91 HPs)
             Began as a Mummy Conjurer on Mar 9, 2020.
             Was a High Priest of Ashenzari.
             Hit by a silver javelin thrown by a minotaur (26 damage)
             ... in a Gauntlet.
             The game lasted 00:54:05 (22309 turns).

Eurus the Destroyer (Mummy Conjurer)               Turns: 22309, Time: 00:54:07

Health: -13/91     AC: 13    Str: 15    XL:     13   Next: 1%
Magic:  13/28      EV: 17    Int: 20    God:    Ashenzari [*****.]
Gold:   847        SH: 11    Dex: 12    Spells: 28/35 levels left

rFire    . . .     SeeInvis +   H - +8 morningstar "Sidow" {speed, rF+ rC+ Str+4}
rCold    + + .     Gourm    .   e - +0 buckler (curse)
rNeg     + + +     Faith    .   w - +3 leather armour
rPois    ∞         Spirit   .   u - +2 helmet (curse)
rElec    .         Reflect  +   (no cloak)
rCorr    .         Harm     .   b - +1 pair of gloves (curse)
MR       +....     Clarity  +   n - +0 pair of boots (curse) Stlth ++........NoTele +
                                d - +5 amulet of reflection (curse)
HPRegen  0.25/turn              A - +4 ring of slaying
MPRegen  0.21/turn              p - +4 ring of evasion

@: no status effects
A: no food or potions, fire vulnerability, cold resistance 1, negative energy
resistance 3, torment resistance, unbreathing, in touch with death 1
a: Curse Item, Scrying, Transfer Knowledge, Renounce Religion


You were in a Gauntlet.
You worshipped Ashenzari.
Ashenzari was extremely pleased with you.
You were not hungry.

You visited 3 branches of the dungeon, and saw 17 of its levels.
You also visited: Gauntlet and Volcano.

You collected 847 gold pieces.

Inventory:

Hand Weapons
 t - a +5 trident of freezing
 H - the +8 morningstar "Sidow" (weapon) {speed, rF+ rC+ Str+4}
   (You found it in a Gauntlet)

   Attacks with this weapon are significantly faster.
   It affects your strength (+4).
   It protects you from fire.
   It protects you from cold.
Armour
 b - a cursed +1 pair of gloves (worn)
 e - a cursed +0 buckler (worn)
 n - a cursed +0 pair of boots (worn)
 u - a cursed +2 helmet (worn)
 v - a +0 kite shield
 w - a +3 leather armour (worn)
Magical Staves
 J - an uncursed staff of energy
Jewellery
 a - an uncursed ring of flight
 d - a cursed +5 amulet of reflection (around neck)
 m - an uncursed ring of protection from cold
 o - an uncursed ring of protection from fire
 p - a +4 ring of evasion (right hand)
 q - a +3 ring of slaying
 A - a +4 ring of slaying (left hand)
 F - an uncursed ring of ice
 G - a +3 ring of strength
 I - the ring "Ufifev" {Wiz +Blink +Fly rF++ rC-}
   (You found it in a Gauntlet)

   [ring of wizardry]

   It improves your spell success rate.
   It greatly protects you from fire.
   It makes you vulnerable to cold.
   It lets you fly.
   It lets you blink.
Wands
 g - a wand of polymorph (16)
 x - a wand of flame (19)
 z - a wand of disintegration (8)
 B - a wand of scattershot (5)
 D - a wand of paralysis (12)
 E - a wand of iceblast (12)
Scrolls
 c - a scroll of magic mapping
 f - 6 scrolls of remove curse
 h - 11 scrolls of teleportation
 i - 2 scrolls of blinking
 j - 4 scrolls of identify
 k - a scroll of silence
 l - a scroll of amnesia
 r - a scroll of enchant armour
 s - 3 scrolls of fear
 y - 2 scrolls of fog
 C - a scroll of torment


   Skills:
 + Level 5.3 Fighting
 - Level 4.0 Armour
 - Level 1.5(3.3) Dodging
 - Level 1.5(3.3) Stealth
 + Level 8.2(10.8) Shields
 + Level 11.9 Spellcasting
 * Level 12.1 Conjurations
 - Level 6.0 Translocations


You had 28 spell levels left.
You knew the following spells:

 Your Spells              Type           Power        Failure   Level  Hunger
a - Magic Dart            Conj           ####         1%          1    N/A
b - Searing Ray           Conj           ######       1%          2    N/A
c - Iskenderun's Mystic   Conj/Tloc      #####...     1%          4    N/A

Your spell library contained the following spells:

 Spells                   Type           Power        Failure   Level  Hunger
 Apportation              Tloc           #####.       1%          1    N/A
 Dazzling Flash           Conj/Hex       #####.       1%          3    N/A
 Fulminant Prism          Conj/Hex       #####.....   6%          4    N/A
 Hailstorm                Conj/Ice       #####...     6%          4    N/A
 Animate Skeleton         Necr           N/A          7%          1    N/A
 Corona                   Hex            ##.....      7%          1    N/A
 Freeze                   Ice            ##..         7%          1    N/A
 Summon Small Mammal      Summ           ##..         7%          1    N/A
 Frozen Ramparts          Ice            ##....       22%         3    N/A
 Ozocubu's Armour         Chrm/Ice       ##......     22%         3    N/A
 Summon Ice Beast         Ice/Summ       ##......     56%         4    N/A

Dungeon Overview and Level Annotations

Branches:
Dungeon (10/15)            Temple (1/1) D:5            Lair (6/6) D:8
  Swamp (0/4) Lair:3        Snake (0/4) Lair:4        Slime (0/5) Lair:5
Volcano (visited)         Gauntlet (1/1)
    Orc: D:9-12

Altars:
Ashenzari
Cheibriados
Dithmenos
Elyvilon
Fedhas
Gozag
Hepliaklqana
Kikubaaqudgha
Makhleb
Nemelex Xobeh
Okawaru
Qazlal
Ru
Sif Muna
Trog
Uskayaw
Vehumet
Wu Jian
Xom
Yredelemnul
Zin
The Shining One
Jiyva

Shops:
D:8 }

Annotations:
Lair:1 1 runed translucent door, Fannar; Itaff's ghost, journeyman DECj
Lair:3 exclusion: hydra
Lair:5 exclusion: 3 oklob plants Gauntlet 8 transporters, exclusions: 2 lightning spires and obsidian statue


Innate Abilities, Weirdness & Mutations

You do not eat or drink.
Your flesh is vulnerable to fire.
You are immune to poison.
Your flesh is cold resistant. (rC+)
You are immune to negative energy. (rN+++)
You are immune to unholy pain and torment.
You can survive without breathing.
You are in touch with the powers of death.


Message History

* * * LOW HITPOINT WARNING * * *
Casting: Searing Ray (safe; 1% risk of failure)
Confirm with . or Enter, or press ? or * to list all spells.
You erupt in a blast of force!
The mystic blast hits the minotaur!
The minotaur is heavily wounded.
The minotaur is knocked back by the mystic blast.
The minotaur throws a silver javelin.
The silver javelin barely misses you.
The minotaur throws a silver javelin.
The silver javelin pierces through you!
* * * LOW HITPOINT WARNING * * *
x2 You can't drink.
As you read the scroll of fear, it crumbles to dust.
You assume a fearsome visage.
The minotaur resists with some effort.
The minotaur throws a silver javelin.
The silver javelin misses you.
As you read the scroll of fear, it crumbles to dust.
You assume a fearsome visage.
The minotaur resists with almost no effort.
The minotaur throws a silver javelin.
The silver javelin closely misses you.
The minotaur throws a silver javelin.
The silver javelin pierces through you!!
You die...

#§...#..#.. ##...#...#.
######### #§...######
####....##.######.........
##....##(##....####.8.....8
#..##.##....##..##≈........
##.##....##.##...##...#####
#....##.##.(.....#...#%...
#..##.##..@.##.©8.#...#=##.
########H##.##....#...##8.#
###∩H..'(##....©8.#.8.#©##©
#.######....##....#...##..#
##.##....##.##.©8.#...#.##.
##....##.##.......#...#$...
#..##.##....##...##...#####
##.##....##.##..##§§.......
#....##.##....####.8.....8


You could see a minotaur.

Vanquished Creatures
  2 hydras
  An apocalypse crab (Gauntlet)
  2 black mambas
  14 spiny frogs
  Maggie (D:6)
  A rime drake (Lair:4)
  9 komodo dragons
  2 polar bears
  A merfolk (D:9)
  A tyrant leech (Lair:3)
  8 blink frogs (Lair:2)
  Grinder (D:3)
  6 hippogriffs
  A spriggan (Lair:2)
  26 yaks
  2 basilisks
  3 fire bats (Lair:1)
  4 wyverns
  A fire elemental (Lair:5)
  Eustachio (D:4)
  A swamp worm (Lair:3)
  3 nagas (Lair:4)
  9 porcupines
  13 water moccasins
  2 meliai simulacra (Gauntlet)
  3 black bears
  3 ice beasts
  A sky beast (D:5)
  An ice dragon simulacrum (Gauntlet)
  A phantom (D:6)
  2 ogres
  A necrophage (D:7)
  3 wolves (Lair:2)
  A centaur (D:5)
  10 crocodiles
  3 big kobolds
  15 bullfrogs
  A gnoll sergeant (D:9)
  A hornet simulacrum (Gauntlet)
  8 scorpions
  8 killer bees
  2 crimson imps (D:8)
  A lava snake (Lair:5)
  A wyvern simulacrum (Gauntlet)
  A bullfrog zombie (D:5)
  12 hounds
  2 jellies
  2 orc priests
  5 orc wizards
  3 iguanas
  8 worker ants
  6 hell rats (Lair:2)
  A hound skeleton (D:7)
  2 worker ant zombies
  14 gnolls
  10 adders
  16 river rats (Lair:2)
  A shadow imp (D:9)
  An ooze (D:6)
  An adder skeleton (D:4)
  2 worms (D:2)
  2 dart slugs
  5 leopard geckos
  17 orcs
  A ball python (D:3)
  8 bats
  6 giant cockroaches
  5 goblins
  9 hobgoblins
  9 jackals
  19 kobolds
  11 quokkas
  A ball python zombie (D:1)
  A frilled lizard (D:1)
  A jackal zombie (D:1)
  A leopard gecko skeleton (D:9)
  11 rats
375 creatures vanquished.

Vanquished Creatures (others)
  A centaur (D:8)
  A kobold (D:8)
  67 fungi
  18 plants
87 creatures vanquished.

Grand Total: 462 creatures vanquished

Notes
Turn   | Place    | Note
-------+----------+-------------------------------------------
     0 | D:1      | Eurus the Mummy Conjurer began the quest for the Orb.
     0 | D:1      | Reached XP level 1. HP: 13/13 MP: 4/4
   374 | D:1      | Reached XP level 2. HP: 18/19 MP: 3/6
   827 | D:1      | Learned a level 2 spell: Searing Ray
   892 | D:1      | Reached XP level 3. HP: 22/24 MP: 4/7
  1603 | D:2      | Reached skill level 4 in Conjurations
  1625 | D:2      | Noticed an ogre
  1632 | D:2      | Killed an ogre
  1632 | D:2      | Reached skill level 1 in Shields
  1632 | D:2      | Reached XP level 4. HP: 10/30 MP: 0/10
  1914 | D:2      | Reached XP level 5. HP: 35/35 MP: 9/11
  2908 | D:3      | Found an ancient bone altar of Kikubaaqudgha.
  2918 | D:3      | Noticed Grinder
  3192 | D:3      | Found a basalt altar of Yredelemnul.
  3904 | D:3      | Paralysed by Grinder for 6 turns
  3918 | D:3      | Killed Grinder
  3918 | D:3      | Reached skill level 5 in Conjurations
  3918 | D:3      | Reached XP level 6. HP: 37/41 MP: 3/13
  4008 | D:3      | Learned a level 4 spell: Iskenderun's Mystic Blast
  4101 | D:4      | Reached skill level 5 in Spellcasting
  4215 | D:4      | Noticed a +0 dagger
  4216 | D:4      | Found a hide-covered altar of Uskayaw.
  4216 | D:4      | Noticed a +0 dagger
  4246 | D:4      | Found an iron altar of Okawaru.
  4271 | D:4      | Found a glowing golden altar of the Shining One.
  4353 | D:4      | Reached XP level 7. HP: 33/46 MP: 6/14
  4573 | D:4      | Reached skill level 1 in Translocations
  4769 | D:4      | Found a hazy altar of Hepliaklqana.
  4953 | D:4      | Noticed Eustachio
  5120 | D:5      | Entered Level 5 of the Dungeon
  5509 | D:5      | Found a glowing silver altar of Zin.
  5604 | D:5      | Found a staircase to the Ecumenical Temple.
  5634 | Temple   | Entered the Ecumenical Temple
  5760 | Temple   | Became a worshipper of Ashenzari the Shackled
  5936 | D:5      | Reached skill level 6 in Conjurations
  6386 | D:6      | Noticed Maggie
  6417 | D:6      | Reached XP level 8. HP: 52/52 MP: 12/17
  7496 | D:7      | Identified the +6 war axe "Trog's Outrage" {drain, rPois}
  7724 | D:7      | Found a stormy altar of Qazlal.
  7760 | D:7      | Reached skill level 7 in Conjurations
  8337 | D:7      | Reached XP level 9. HP: 56/57 MP: 15/19
  8709 | D:8      | Reached * piety under Ashenzari
  8884 | D:8      | Found a staircase to the Lair.
  8900 | D:8      | Reached skill level 8 in Conjurations
  9251 | D:8      | Found Cerch's Gadget Shoppe.
  9478 | D:8      | Found an ornate altar of the Wu Jian Council.
  9543 | D:8      | Reached skill level 5 in Shields
  9717 | D:8      | Found an opulent altar of Gozag.
  9718 | D:8      | Found a shimmering blue altar of Sif Muna.
 10159 | D:9      | Reached XP level 10. HP: 63/63 MP: 18/22
 11200 | D:10     | Entered Level 10 of the Dungeon
 11257 | D:10     | Reached skill level 9 in Conjurations
 11541 | D:10     | Reached skill level 1 in Armour
 11544 | D:10     | Reached skill level 5 in Translocations
 11730 | D:10     | Reached ** piety under Ashenzari
 12172 | D:4      | Killed Eustachio
 12311 | D:6      | HP: 3/63 [Maggie/+0 scimitar of flaming (9)]
 12313 | D:6      | Killed Maggie
 12640 | D:6      | Found a bloodstained altar of Trog.
 12644 | D:6      | Found a sparkling altar of Nemelex Xobeh.
 12647 | D:6      | Found a radiant altar of Vehumet.
 12777 | Lair:1   | Entered Level 1 of the Lair of Beasts
 13029 | Lair:1   | Noticed Fannar
 13049 | Lair:1   | Found a runed translucent door.
 13051 | Lair:1   | Noticed Itaff's ghost (journeyman DECj)
 13393 | Lair:1   | Found a dark tunnel.
 13404 | Volcano  | Entered a volcano
 13408 | Volcano  | Noticed a toenail golem
 13408 | Volcano  | Noticed a wizard
 13408 | Volcano  | Noticed a toenail golem
 13626 | Lair:1   | Reached XP level 11. HP: 57/68 MP: 18/24
 14245 | Lair:1   | Reached skill level 10 in Conjurations
 14748 | Lair:2   | Reached *** piety under Ashenzari
 14853 | Lair:2   | Reached skill level 10 in Spellcasting
 16335 | Lair:3   | Reached skill level 1 in Fighting
 16626 | Lair:3   | Found a staircase to the Swamp.
 17245 | Lair:3   | Reached XP level 12. HP: 80/80 MP: 23/26
 17408 | Lair:3   | Reached skill level 11 in Conjurations
 18103 | Lair:4   | Noticed an eight-headed hydra
 18352 | Lair:4   | Reached **** piety under Ashenzari
 18775 | Lair:4   | Noticed a four-headed hydra
 19084 | Lair:4   | Killed a four-headed hydra
 19482 | Lair:4   | Found a staircase to the Snake Pit.
 20358 | Lair:5   | Found a viscous altar of Jiyva.
 20358 | Lair:5   | Found a staircase to the Slime Pits.
 20449 | Lair:5   | Noticed a five-headed hydra
 20461 | Lair:5   | Killed a five-headed hydra
 20542 | Lair:5   | Reached skill level 5 in Fighting
 20542 | Lair:5   | Reached skill level 12 in Conjurations
 20897 | Lair:5   | Reached ***** piety under Ashenzari
 21389 | Lair:6   | Entered Level 6 of the Lair of Beasts
 21429 | Lair:6   | Found a gate leading to a gauntlet.
 21439 | Gauntlet | Entered a Gauntlet
 21439 | Gauntlet | Found a transporter.
 21442 | Gauntlet | Found a transporter.
 21443 | Gauntlet | Identified the amulet "Waety" {*Drain +Rage Dex+7}
 21443 | Gauntlet | Found a transporter.
 21443 | Gauntlet | Noticed a ghost crab
 21444 | Gauntlet | Found a transporter.
 21447 | Gauntlet | Found a transporter.
 21454 | Gauntlet | Found a transporter.
 21460 | Gauntlet | Found a transporter.
 21462 | Gauntlet | Found a transporter.
 21527 | Gauntlet | Identified the +0 helmet of Pelaolu {Dex+3 Stlth+}
 21532 | Gauntlet | Found a transporter.
 21545 | Gauntlet | Found a transporter.
 21550 | Gauntlet | Found a transporter.
 21560 | Gauntlet | Found a transporter.
 21561 | Gauntlet | Identified the ring "Ufifev" {Wiz +Blink +Fly rF++ rC-}
 22052 | Gauntlet | Got the morningstar "Sidow" {speed, rF+ rC+ Str+4}
 22079 | Gauntlet | Identified the +8 morningstar "Sidow" {speed, rF+ rC+
                  | Str+4} (You found it in a Gauntlet)
 22086 | Gauntlet | Gained mutation: You are in touch with the powers of death.
                  | [Mummy growth]
 22086 | Gauntlet | Reached XP level 13. HP: 91/91 MP: 23/28
 22289 | Gauntlet | Noticed a minotaur
 22309 | Gauntlet | Hit by a silver javelin thrown by a minotaur

Levels and vault maps discovered:
D:1:      saegor_arrival_fortress, layout_loops_corners
D:2:      layout_loops_ring, serial_bayou, serial_bayou_pond_d,
          serial_bayou_pond_e, serial_bayou_lagoon_a, serial_bayou_pond_a,
          serial_bayou_pond_c, serial_bayou_shore_a
D:3:      layout_loops_ring, marbit_many_paths, serial_park_tiny_2,
          yredelemnul_altar_generic, uniq_grinder
D:4:      layout_loops_cross, nicolae_overflow_crystal_walls,
          lemuel_round_altar, dancing_weapons_uskayaw, kennysheep_little_box,
          first_ration, uniq_eustachio
D:5:      layout_basic, lemuel_coloured_pillars_altar,
          minmay_temple_entry_crystal_x
D:6:      layout_basic, grunt_temple_overflow_diamond, uniq_maggie
D:7:      layout_basic, nicolae_qazlal_eye_of_the_storm, serial_glass,
          glass_columns_a, glass_columns_b, glass_columns_b, glass_columns_a,
          glass_columns_c, glass_columns_b
D:8:      layout_basic, gammafunk_temple_overflow_statue, lemuel_crystal_altar,
          due_lair_maze_entry_diamond, kennysheep_small_square
D:9:      layout_basic, hangedman_fish_farm
D:10:     layout_roguey
Temple:   nicolae_temple_figure_zero
Lair:1:   layout_roguey, ebering_ghost_reflecting_pool,
          nicolae_volcano_entry_batcave, minmay_shattered_shrine, uniq_fannar
Lair:2:   lemuel_ratsnest, layout_regular_city, forest_entry_grove,
          infiniplex_staircase_pool
Lair:3:   layout_loops_ring, minmay_swamp_entry_worms,
          infiniplex_staircase_pool_2
Lair:4:   layout_layer_cave, guppyfry_snake_entry_garden, beast_lair_carwin_4,
          grunt_megastairs_4
Lair:5:   layout_gridlike, dpeg_slime_entry_enclosed_altar,
          minmay_lair_oklob_chamber, serial_bayou_shore_b, serial_bayou_shore_b
Lair:6:   cheibrodos_lair_end_hotspot, layout_regular_city,
          gauntlet_entry_generic, nicolae_quartered_pool_little
Gauntlet: minmay_gauntlet_mixed_oops_all_seconds
          [minmay_gauntlet_arena_77_checkered, gammafunk_gauntlet_arena_spirals,
          minmay_gauntlet_arena_77_squiggly, gammafunk_gauntlet_arena_chambers,
          minmay_gauntlet_arena_77_braids, nicolae_gauntlet_arena_x,
          gauntlet_exit_green]

Skill      XL: |  1  2  3  4  5  6  7  8  9 10 11 12 |
---------------+-------------------------------------+-----
Spellcasting   | 3 4 5 6 7 8 9 10 11 | 11.9
Conjurations   | 4 5 6 7 8 9 10 12 | 12.1
Shields        | 1 2 3 4 5 6 7 8 |  8.2
Translocations | 2 3 4 5 6 |  6.0
Armour         | 2 4 |  4.0
Fighting       | 2 5 |  5.3
Dodging        | |  1.5
Stealth        | |  1.5

Action                   |  1- 3 |  4- 6 |  7- 9 | 10-12 | 13-15 || total
-------------------------+-------+-------+-------+-------+-------++-------
Melee: Club              |    10 |       |       |       |       ||    10
       Dagger            |     7 |    48 |     5 |       |       ||    60
       Falchion          |       |       |    42 |       |       ||    42
       Trident           |       |       |     5 |    64 |       ||    69
       Morningstar       |       |       |       |     1 |     1 ||     2
 Cast: Magic Dart        |    53 |    21 |    48 |    64 |       ||   186
       Searing Ray       |     1 |    12 |    74 |   189 |     6 ||   282
       Iskenderun's Myst |       |       |       |     9 |     2 ||    11
Invok: Curse Item        |       |       |     3 |       |       ||     3
  Use: Scroll            |       |       |    10 |     9 |     2 ||    21
 Stab: Sleeping          |       |     3 |     1 |       |       ||     4
       Distracted        |       |       |     1 |       |       ||     1
Armor: Robe              |     7 |    14 |    24 |     9 |       ||    54
       Steam dragon scal |       |       |       |    18 |       ||    18
       Leather armour    |       |       |       |    26 |     7 ||    33
Dodge: Dodged            |    10 |    54 |    80 |   173 |    15 ||   332
Block: Buckler           |       |       |    48 |   154 |     9 ||   211
       Reflection        |       |       |     7 |     1 |       ||     8
       Rpst.: Falchion   |       |       |    24 |       |       ||    24

Table legend:
 A = Non-vault XP
 B = Vault XP
 C = Vault XP percentage of total XP
 D = Non-vault monster count
 E = Vault monster count
 F = Vault count percentage of total count
                 A         B        C        D         E       F
            +---------+---------+-------+---------+---------+-------
      Total |   25122 |   13405 |  34.8 |     278 |      98 |  26.1
            +---------+---------+-------+---------+---------+-------
        D:1 |      52 |       2 |   3.7 |      22 |       2 |   8.3
        D:2 |     182 |       0 |   0.0 |      17 |       0 |   0.0
        D:3 |      47 |     264 |  84.9 |      13 |       2 |  13.3
        D:4 |     434 |     185 |  29.9 |      23 |       1 |   4.2
        D:5 |     373 |       0 |   0.0 |       6 |       0 |   0.0
        D:6 |     727 |     395 |  35.2 |      17 |       1 |   5.6
        D:7 |     882 |       0 |   0.0 |      25 |       0 |   0.0
        D:8 |    1097 |    1158 |  51.4 |      35 |      11 |  23.9
        D:9 |     827 |     298 |  26.5 |      23 |       1 |   4.2
       D:10 |    1915 |       0 |   0.0 |      18 |       0 |   0.0
     Lair:1 |     899 |    3493 |  79.5 |       5 |      14 |  73.7
     Lair:2 |    3327 |    1534 |  31.6 |      14 |      42 |  75.0
     Lair:3 |    4887 |     440 |   8.3 |      22 |       2 |   8.3
     Lair:4 |    4958 |    4637 |  48.3 |      20 |      16 |  44.4
     Lair:5 |    3660 |       0 |   0.0 |      16 |       0 |   0.0
     Lair:6 |     855 |       0 |   0.0 |       2 |       0 |   0.0
   Gauntlet |       0 |     999 | 100.0 |       0 |       6 | 100.0
            +---------+---------+-------+---------+---------+-------
